 Dungeon Crawl Stone Soup version 0.30-a0-702-gdf48620a09 (webtiles) character file.

Game seed: 10492677021684086365

11363 wormed the Sneak (level 11, -4/84 HPs)
             Began as a Demonspawn Fire Elementalist on Jan 21, 2023.
             Was a Believer of Vehumet.
             Slain by a catoblepas (15 damage)
             ... in a Gauntlet.
             The game lasted 00:24:14 (14070 turns).

wormed the Sneak (Demonspawn Fire Elementalist)    Turns: 14070, Time: 00:24:15

Health: -4/84      AC: 12    Str:  9    XL:     11   Next: 48%
Magic:  14/21      EV:  7    Int: 27    God:    Vehumet [**....]
Gold:   236        SH:  0    Dex: 13    Spells: 9/24 levels left

rFire   + . .      SeeInvis .    e - staff of fire
rCold   + . .      Faith    .    (no shield)
rNeg    . . .      Spirit   .    G - +0 troll leather armour
rPois   .          Reflect  .    t - +2 helmet
rElec   .          Harm     .    w - +0 cloak
rCorr   .          Rampage  .    (no gloves)
Will    .....      NoTele   +    (no boots)
Stlth   +++                      z - amulet of regeneration
HPRegen 1.94/turn                F - +6 ring of intelligence
MPRegen 0.17/turn                l - ring of wizardry

@: lethally poisoned (-4 -> -5), petrifying (expiring), very slow
A: claws 2, icy blue scales 3, demonic guardian 1
a: Renounce Religion


You were in a Gauntlet.
You worshipped Vehumet.
Vehumet was pleased with you.
You visited 3 branches of the dungeon, and saw 13 of its levels.
You also visited: Gauntlet.

You collected 686 gold pieces.
You spent 450 gold pieces at shops.

Inventory:

Hand Weapons
 d - a +0 short sword
Armour
 t - a +2 helmet (worn)
 w - a +0 cloak (worn)
 G - a +0 troll leather armour (worn)
Magical Staves
 e - a staff of fire (weapon)
Jewellery
 a - the ring "Univ" {Wiz rF+ rCorr Int+2}
   (You found it in a Gauntlet)

   [ring of wizardry]

   It improves your spell success rate.
   Int:       It affects your intelligence (+2).
   rF:        It protects you from fire.
   rCorr:     It protects you from acid and corrosion.
 c - a +4 ring of protection
 l - a ring of wizardry (right claw)
 y - an amulet of faith
 z - an amulet of regeneration (around neck)
 C - a ring of positive energy
 F - a +6 ring of intelligence (left claw)
Wands
 k - a wand of flame (26)
 D - a wand of digging (6)
Scrolls
 f - 3 scrolls of magic mapping
 g - 2 scrolls of immolation
 h - a scroll of amnesia
 n - 7 scrolls of teleportation
 o - a scroll of blinking
 u - a scroll of fog
 A - a scroll of enchant armour
 B - 2 scrolls of fear
 J - 3 scrolls of brand weapon {unknown}
Potions
 b - 7 potions of curing
 i - 4 potions of attraction
 j - 5 potions of ambrosia
 m - 2 potions of might
 p - 2 potions of cancellation
 q - a potion of magic
 r - 3 potions of heal wounds
 s - a potion of lignification
 v - 3 potions of brilliance {unknown}
 x - 2 potions of flight {unknown}
 E - 2 potions of mutation {unknown}


   Skills:
 + Level 7.3 Fighting
 + Level 7.1 Dodging
 + Level 7.8 Stealth
 + Level 7.2 Spellcasting
 + Level 7.5 Conjurations
 + Level 7.5 Fire Magic


You had 9 spell levels left.
You knew the following spells:

 Your Spells              Type           Power      Damage    Failure   Level
a - Foxfire               Conj/Fire      100%       2x1d9     1%          1
b - Scorch                Fire           100%       2d10      1%          2
c - Inner Flame           Hex/Fire       44%        N/A       2%          3
d - Fireball              Conj/Fire      33%        3d14      4%          5
e - Flame Wave            Conj/Fire      66%        2d15      1%          4

Your spell library contained the following spells:

 Spells                   Type           Power      Damage    Failure   Level
 Searing Ray              Conj           100%       2d8       1%          2
 Necrotise                Necr           36%        1d5       3%          1
 Kindle Blastsparks       Fire/Tloc/Air  68%        2d15      3%          3
 Vampiric Draining        Necr           9%         2d6       10%         3
 Starburst                Conj/Fire      33%        6d10      22%         6
 Agony                    Necr           9%         N/A       63%         5
 Malign Gateway           Summ/Tloc      4%         N/A       100%        7
 Summon Horrible Things   Summ           4%         N/A       100%        8


Dungeon Overview and Level Annotations

Branches:
Dungeon (11/15)            Temple (1/1) D:5            Lair (1/5) D:11
    Orc (0/2) D:11        Gauntlet (1/1)

Altars:
Ashenzari
Cheibriados
Dithmenos
Fedhas
Gozag
Hepliaklqana
Kikubaaqudgha
Makhleb
Nemelex Xobeh
Okawaru
Qazlal
Ru
Sif Muna
Trog
Uskayaw
Vehumet
Wu Jian
Xom
Yredelemnul

Shops:
D:8 *   D:11 *(

Portals:
Trove: D:11 (give 7 potions of haste)
Ice
Cave: Lair:1

Annotations:
Gauntlet 9 transporters, exclusion: ice statue


Innate Abilities, Weirdness & Mutations

You have very sharp fingernails.
You are completely covered in icy blue scales. (AC +4, rC+)
A weak demonic guardian rushes to your aid.


Message History

The molten gargoyle blasts magma at you!
The bolt of magma hits you! You partially resist.
You see here the ring "Univ" {Wiz rF+ rCorr Int+2}.
Aiming: Dig
Press: ? - help, Shift-Dir - straight line Digging in that direction won't affect any walls.
A translucent stone wall.
Okay, then.
Press: ? - help, v - describe, . - travel
Here: a molten gargoyle, wielding a +0 morningstar of venom A transporter.
a - the ring "Univ" {Wiz rF+ rCorr Int+2} You are engulfed in calcifying dust.
You are slowing down.
The molten gargoyle blasts magma at you!
The bolt of magma hits you but does no damage.
Unknown command.
There are no items here.
Press: ? - help, v - describe, . - travel, g - get item Item here: a scroll of teleportation.
The floor.
There is a cloud of calcifying dust here.
The molten gargoyle hits you with a +0 morningstar of venom!
You are engulfed in flames.
You resist.
Your limbs are stiffening.
You see here 2 stones.
As you read the scroll labelled MAXTIZ PIYTHI, it crumbles to dust.
Your body is wracked with pain!
The catoblepas convulses!
It was a scroll of torment.
The molten gargoyle hits you but does no damage.
You are poisoned.
The catoblepas gores you!!
The molten gargoyle blasts magma at you!
The bolt of magma hits you!! You partially resist.
* * * LOW HITPOINT WARNING * * *
A demonic guardian appears!
The bolt of magma hits your white imp!!
Your white imp is burned terribly!
Your white imp dies!
Your white imp disappears in a puff of smoke!
The catoblepas gores you!!
You die...

#.♣.#..P..#©#.©#.##©#.......
#...##..♣.#..#.##.#.########
#.♣. ##...#?.##Z.##.##.#.#.#
#...##≈...###ZZ##Z#.#.#.#.#.
# # #≈≈.P.#########.##?#.#.#
##≈.♣.........#©#©#.#.#.
##...#########.##.#©#.#
##≈...#§Y9§.9.#t#b#.#.#.
#≈≈...#@#####.#.##.#.#.#
##≈.♣.#9#...9.#.########
##.P.###.#####©#.......
##≈...#...#^.^###.♣P♣.♣.
#≈≈.P.#.###.#.#.........
##≈.♣.#.+..^#©#.♣P.P...#
##...#########..P....≈#
#≈..................≈≈#
#≈≈≈#≈≈≈#≈≈≈#≈≈≈#≈≈≈####


You could see a catoblepas, 2 molten gargoyles, a five-headed hydra simulacrum,
a hornet simulacrum, a redback simulacrum and a centaur warrior simulacrum.

Vanquished Creatures
  A cyclops (D:11)
  A cane toad (Lair:1)
  An unseen horror (D:10)
  3 trolls
  A hornet (D:8)
  Sigmund (D:3)
  A shadow (D:9)
  2 wyverns
  21 yaks
  A wraith (D:9)
  A fire bat (Gauntlet)
  A vampire mosquito (D:11)
  A steam dragon (D:8)
  2 water moccasins
  A sky beast (D:7)
  4 ice beasts
  8 orc warriors
  5 centaurs
  An ogre (D:6)
  A phantom (D:6)
  4 small abominations (Gauntlet)
  A kobold brigand (D:8)
  2 bullfrogs
  3 necrophages
  4 scorpions
  4 wights (D:7)
  9 killer bees
  5 howler monkeys
  2 hounds (D:6)
  A jelly (D:8)
  8 orc priests
  2 iguanas (D:5)
  15 orc wizards
  11 adders
  7 shadow imps
  2 white imps
  3 ufetubi
  2 worms (D:2)
  2 dart slugs (D:3)
  33 orcs
  6 endoplasms
  5 giant cockroaches
  5 goblins
  4 hobgoblins
  3 jackals (D:5)
  18 kobolds
  2 quokkas
  7 ball pythons
  4 bats
  A frilled lizard (D:3)
  3 rats (D:2)
236 creatures vanquished.

Vanquished Creatures (collateral kills)
  A komodo dragon (Lair:1)
  A yak (Lair:1)
  A black bear (D:4)
  2 small abominations (Gauntlet)
  An orc priest (D:11)
  Terence (D:3)
  An orc wizard (D:3)
  An adder (D:2)
  A worm (D:2)
  2 orcs (D:3)
  An endoplasm (D:2)
  A giant cockroach (D:1)
  2 kobolds
  A ball python (D:2)
  A frilled lizard (D:2)
  A goblin (D:2)
  A rat (D:2)
  3 foxfires (D:1)
23 creatures vanquished.

Vanquished Creatures (others)
  A giant cockroach (D:3)
  A kobold (D:2)
  470 foxfires
  2 fungi (Lair:1)
  5 plants
479 creatures vanquished.

Grand Total: 738 creatures vanquished

Notes
Turn   | Place    | Note
-------+----------+-------------------------------------------
     0 | D:1      | wormed the Demonspawn Fire Elementalist began the quest for
                  | the Orb.
     0 | D:1      | Reached XP level 1. HP: 13/13 MP: 3/3
   261 | D:1      | Gained mutation: A weak demonic guardian rushes to your
                  | aid. [demonic ancestry]
   261 | D:1      | Reached XP level 2. HP: 20/20 MP: 0/5
  1204 | D:2      | Gained mutation: You have sharp fingernails. [demonic
                  | ancestry]
  1204 | D:2      | Reached XP level 3. HP: 25/25 MP: 3/6
  1207 | D:2      | Learned a level 2 spell: Scorch
  1211 | D:2      | Learned a level 3 spell: Inner Flame
  1440 | D:2      | HP: 1/25 [worm (3)]
  1445 | D:2      | HP: 1/25 [adder (1)]
  1460 | D:2      | Reached skill level 1 in Fighting
  2178 | D:3      | Reached XP level 4. HP: 32/32 MP: 4/7
  2374 | D:3      | Found a stormy altar of Qazlal.
  2587 | D:3      | Noticed Terence
  2608 | D:3      | Noticed Sigmund
  2761 | D:3      | Gained mutation: You are partially covered in icy blue
                  | scales. (AC +2) [demonic ancestry]
  2761 | D:3      | Reached XP level 5. HP: 37/37 MP: 2/9
  3000 | D:3      | Killed Terence
  3108 | D:3      | Killed Sigmund
  3109 | D:3      | Gained mutation: You are mostly covered in icy blue scales.
                  | (AC +3) [demonic ancestry]
  3109 | D:3      | Reached XP level 6. HP: 44/44 MP: 2/10
  3931 | D:4      | Reached XP level 7. HP: 28/51 MP: 0/12
  4228 | D:4      | Found a sparkling altar of Nemelex Xobeh.
  4229 | D:4      | Found a bloodstained altar of Trog.
  5294 | D:4      | Learned a level 4 spell: Flame Wave
  5295 | D:5      | Entered Level 5 of the Dungeon
  5411 | D:5      | Found a staircase to the Ecumenical Temple.
  5447 | Temple   | Entered the Ecumenical Temple
  5827 | D:5      | Reached XP level 8. HP: 53/58 MP: 4/14
  6430 | D:6      | Noticed a troll
  6450 | D:6      | Killed a troll
  6652 | D:6      | Found a hide-covered altar of Uskayaw.
  6660 | D:6      | Reached skill level 5 in Stealth
  6767 | D:6      | Reached skill level 5 in Fire Magic
  7034 | D:6      | Gained mutation: You are completely covered in icy blue
                  | scales. (AC +4, rC+) [demonic ancestry]
  7034 | D:6      | Reached XP level 9. HP: 66/66 MP: 5/16
  7272 | D:6      | Found a radiant altar of Vehumet.
  7283 | D:6      | Became a worshipper of Vehumet
  7679 | D:7      | Reached skill level 5 in Spellcasting
  7861 | D:7      | Reached skill level 5 in Dodging
  7861 | D:7      | Reached skill level 5 in Conjurations
  7938 | D:7      | Identified the +6 flail of the Known World {antimagic,
                  | Stlth+}
  8353 | D:7      | Reached skill level 5 in Fighting
  8716 | D:8      | Paralysed by a hornet for 3 turns
  9209 | D:8      | Reached * piety under Vehumet
  9209 | D:8      | Offered knowledge of Sandblast by Vehumet.
  9326 | D:8      | Found an ornate altar of the Wu Jian Council.
  9811 | D:8      | Found Bapuofoz's General Store.
  9816 | D:8      | Bought an amulet of regeneration for 450 gold pieces
 10106 | D:9      | Gained mutation: You have very sharp fingernails. [demonic
                  | ancestry]
 10106 | D:9      | Reached XP level 10. HP: 69/75 MP: 8/18
 11307 | D:10     | Entered Level 10 of the Dungeon
 12144 | D:11     | Found Nauj's Weapon Boutique.
 12182 | D:11     | Noticed a cyclops
 12187 | D:11     | Killed a cyclops
 12188 | D:11     | Reached XP level 11. HP: 83/83 MP: 12/20
 12285 | D:11     | Found Scvedyuvoj's Superlative Supplies.
 12306 | D:11     | Found the +7 Kryia's mail coat {PotionHeal*2 rC+}
 12363 | D:11     | Reached ** piety under Vehumet
 12363 | D:11     | Offered knowledge of Searing Ray by Vehumet.
 12586 | D:11     | Found a staircase to the Orcish Mines.
 12789 | D:11     | Found a staircase to the Lair.
 12919 | D:11     | Found a portal to a secret trove of treasure.
 13029 | D:11     | Learned a level 5 spell: Fireball
 13104 | Lair:1   | Entered Level 1 of the Lair of Beasts
 13109 | Lair:1   | Found a frozen archway.
 13602 | Lair:1   | Found a gate leading to a gauntlet.
 13611 | Gauntlet | Entered a Gauntlet
 13611 | Gauntlet | Found a transporter.
 13619 | Gauntlet | Found a transporter.
 13621 | Gauntlet | Found a transporter.
 13631 | Gauntlet | Noticed a fire crab
 13632 | Gauntlet | Found a transporter.
 13635 | Gauntlet | Found a transporter.
 13642 | Gauntlet | Noticed a catoblepas
 13643 | Gauntlet | Found a runed translucent door.
 13646 | Gauntlet | Found a transporter.
 13660 | Gauntlet | Found a transporter.
 13675 | Gauntlet | Found a transporter.
 13683 | Gauntlet | Found a transporter.
 13697 | Gauntlet | Found a transporter.
 13712 | Gauntlet | Found a transporter.
 13712 | Gauntlet | Found a transporter.
 13749 | Gauntlet | Noticed a ghost crab
 13754 | Gauntlet | Found a transporter.
 13768 | Gauntlet | Found a transporter.
 14067 | Gauntlet | Identified the ring "Univ" {Wiz rF+ rCorr Int+2}
 14070 | Gauntlet | Slain by a catoblepas

Illustrated notes

Levels and vault maps discovered:
D:1:      saegor_arrival_simple_c, layout_rooms, kennysheep_nondescript,
          hangedman_feature_mirror, serial_bayou_lake_a
D:2:      layout_loops_ring, minmay_fractal_squares_5
D:3:      corexii_shack_village, layout_rooms, nicolae_qazlal_scattered_showers,
          amcnicky_mini_rare_corridor_liquid, uniq_terence, uniq_sigmund
D:4:      layout_loops_ring, lemuel_coloured_pillars_altar, minitemple,
          serial_demonic, serial_demonic_e, serial_demonic_b, serial_demonic_d,
          serial_demonic_d
D:5:      layout_loops_ring, minmay_temple_entry_grid
D:6:      layout_cave_pools, vehumet_altar_wand_db, lemuel_crystal_altar,
          minmay_small_thing
D:7:      layout_gridville
D:8:      layout_cave_pods, nicolae_wu_jian_immortal_techniques, serial_shops,
          kennysheep_mini_moat
D:9:      layout_basic
D:10:     layout_rooms, hangedman_abyss_or_decor_lesser_grid,
          serial_bayou_pond_d
D:11:     layout_small_grid, lair_entry_dummy, david_orc_4,
          nicolae_trove_entry_isolated, serial_shops, shop,
          nicolae_alphabet_shops, kennysheep_generic_room_13
Temple:   regret_index_temple_waves
Lair:1:   layout_hall_layers, ebering_ghost_funeral_grove,
          portal_ice_cave_entry_pillars_2, gauntlet_entry_generic,
          lemuel_fruit_tree
Gauntlet: minmay_gauntlet_77_tree [minmay_gauntlet_arena_77_tiled_triplets,
          minmay_gauntlet_arena_77_museum, minmay_gauntlet_arena_77_checkered,
          minmay_gauntlet_arena_77_two_lines,
          minmay_gauntlet_arena_77_radiant_squares,
          minmay_gauntlet_arena_77_mess, minmay_gauntlet_arena_77_path,
          dreamdust_gauntlet_exit_labyrinth]

Skill      XL: |  1  2  3  4  5  6  7  8  9 10 11 |
---------------+----------------------------------+-----
Stealth        | 2 3 4 5 6 7 |  7.8
Dodging        | 2 3 4 5 6 7 |  7.1
Fighting       | 1 2 3 4 5 6 7 |  7.3
Fire Magic     | 3 4 5 6 7 |  7.5
Conjurations   | 2 3 4 5 6 7 |  7.5
Spellcasting   | 3 4 5 6 7 |  7.2

Action                   |  1- 3 |  4- 6 |  7- 9 | 10-12 || total
-------------------------+-------+-------+-------+-------++-------
Melee: Short sword       |    55 |       |       |       ||    55
       Unarmed           |     1 |       |       |       ||     1
       Staff             |       |    16 |    28 |    32 ||    76
       Punch             |       |     2 |     1 |     1 ||     4
Throw: Throwing net      |       |       |       |     1 ||     1
 Cast: Foxfire           |    61 |    27 |   126 |    72 ||   286
       Scorch            |     8 |    40 |    31 |    52 ||   131
       Inner Flame       |       |     5 |    73 |    52 ||   130
       Fireball          |       |       |       |     3 ||     3
       Flame Wave        |       |       |       |     3 ||     3
Evoke: Wand              |       |       |       |     8 ||     8
  Use: Scroll            |     6 |     2 |     6 |    10 ||    24
       Potion            |     2 |       |       |     1 ||     3
Armor: Robe              |    28 |    20 |    22 |       ||    70
       Steam dragon scal |       |       |     5 |    25 ||    30
       Troll leather arm |       |       |       |    28 ||    28
Dodge: Dodged            |    63 |    30 |    55 |    83 ||   231

Table legend: (Time is in decaauts)
 A = Elapsed time spent in this place.
 B = Non-inter-level travel time spent in this place.
 C = Inter-level travel time spent in this place.
 D = Time resting spent in this place.
 E = Time spent auto-exploring this place.
 F = Levels seen in this place.
 G = Mean time per level.
                   A        B        C        D        E       F      G
               +--------+--------+--------+--------+--------+-----+--------+
         Total |  14131 |  13480 |    651 |    306 |  11176 |  14 | 1009.4 |
       Dungeon |  13179 |  12548 |    631 |    306 |  10524 |  11 | 1198.1 |
        Temple |    193 |    173 |     20 |      0 |    161 |   1 |  193.0 |
          Lair |    295 |    295 |      0 |      0 |    157 |   1 |  295.0 |
      Gauntlet |    462 |    462 |      0 |      0 |    334 |   1 |  462.0 |
               +--------+--------+--------+--------+--------+-----+--------+

Top non-repeatable levels by time:
     D:4: 1783 daAuts
     D:2: 1553 daAuts
     D:8: 1451 daAuts
     D:9: 1314 daAuts
     D:6: 1267 daAuts
    D:11: 1174 daAuts
     D:3: 1087 daAuts
     D:7: 982 daAuts
     D:1: 914 daAuts
     D:5: 873 daAuts
    D:10: 776 daAuts
Gauntlet: 462 daAuts
  Lair:1: 295 daAuts
  Temple: 193 daAuts
